 Dungeon Crawl Stone Soup version 0.30-a0-691-g754fce4c43 (webtiles) character file.

Game seed: 5065990185785566827

650 LadyAlwena the Magician (level 7, -1/37 HPs)
             Began as a Gargoyle Hedge Wizard on Jan 19, 2023.
             Slain by an ice beast (11 damage)
             ... on level 5 of the Dungeon.
             The game lasted 00:08:58 (6627 turns).

LadyAlwena the Magician (Gargoyle Hedge Wizard)     Turns: 6627, Time: 00:08:59

Health: -1/37      AC:  9    Str: 14    XL:     7   Next: 53%
Magic:  1/15       EV: 12    Int: 16    God:
Gold:   222        SH:  0    Dex:  9    Spells: 11/17 levels left

rFire   . . .      SeeInvis .    t - +1 dagger (speed)
rCold   . . .      Faith    .    (no shield)
rNeg    + . .      Spirit   .    b - +0 robe
rPois   ∞          Reflect  .    c - +0 hat
rElec   +          Harm     .    F - +1 cloak
rCorr   .          Rampage  .    e - +0 pair of gloves
Will    +....                    (no boots)
Stlth   ++                       (no amulet)
HPRegen 0.26/turn                l - ring of willpower
MPRegen 0.14/turn                (no ring)

@: no status effects
A: sickness immunity, AC +4, negative energy resistance 1, electricity
resistance, torment resistance 1, petrification resistance
a: no special abilities


You were on level 5 of the Dungeon.
You visited 1 branch of the dungeon, and saw 6 of its levels.

You collected 282 gold pieces.
You spent 60 gold pieces at shops.

Inventory:

Hand Weapons
 k - a +0 dagger of draining
 t - a +1 dagger of speed (weapon)
Armour
 b - a +0 robe (worn)
 c - a +0 hat (worn)
 e - a +0 pair of gloves (worn)
 F - a +1 cloak (worn)
Jewellery
 i - a ring of ice
 l - a ring of willpower (left hand)
Wands
 y - a wand of paralysis (7)
Scrolls
 a - 6 scrolls of identify {unknown}
 f - 2 scrolls of summoning {unknown}
 h - 2 scrolls of noise {unknown}
 j - a scroll of immolation {unknown}
 n - 2 scrolls of enchant armour {unknown}
 o - a scroll of enchant weapon {unknown}
 s - 5 scrolls of blinking {unknown}
 u - 5 scrolls of teleportation {unknown}
 x - a scroll of amnesia {unknown}
 A - a scroll of fear {unknown}
 B - a scroll of torment {unknown}
 D - a scroll of fog {unknown}
Potions
 d - a potion of magic
 g - a potion of attraction {unknown}
 m - a potion of brilliance {unknown}
 p - 2 potions of lignification {unknown}
 q - 2 potions of flight {unknown}
 r - a potion of degeneration {unknown}
 v - a potion of ambrosia {unknown}
 w - 3 potions of heal wounds
 z - 2 potions of mutation {unknown}
 C - a potion of resistance {unknown}
 E - a potion of curing {unknown}


   Skills:
 - Level 0.9 Fighting
 - Level 0.2 Short Blades
 - Level 1.8 Dodging
 - Level 3.7 Stealth
 - Level 5.6 Spellcasting
 - Level 5.4 Conjurations
 - Level 0.8 Summonings
 - Level 0.8 Translocations
 + Level 0.1 Air Magic
 - Level 0.1 Poison Magic


You had 11 spell levels left.
You knew the following spells:

 Your Spells              Type           Power      Damage    Failure   Level
a - Magic Dart            Conj           84%        1d7       1%          1
b - Blink                 Tloc           14%        N/A       16%         2
c - Mephitic Cloud        Conj/Pois/Air  10%        N/A       21%         3

Your spell library contained the following spells:

 Spells                   Type           Power      Damage    Failure   Level
 Slow                     Hex            16%        N/A       14%         1
 Call Imp                 Summ           7%         N/A       16%         2
 Cigotuvi's Dreadful Rot  Necr/Pois/Air  Unusable   N/A       N/A         2

Dungeon Overview and Level Annotations

Branches:
Dungeon (6/15)
 Temple: D:4-7

Altars:
Dithmenos
Makhleb

Shops:
D:3 *!=[


Innate Abilities, Weirdness & Mutations

You are immune to sickness and miasma.
Your stone body is resilient. (AC +4)
You are immune to poison.
You resist negative energy. (rN+)
You are resistant to electric shocks. (rElec)
You are resistant to unholy torment.
You are immune to petrification.


Message History

The ice beast attacks as you move away!
The ice beast hits you but does no damage.
The ice beast attacks as you move away! The ice beast closely misses you.
The ice beast barely misses you. The ice beast attacks as you move away!
The ice beast barely misses you. The ice beast attacks as you move away!
The ice beast closely misses you. The ice beast attacks as you move away!
The ice beast closely misses you.
Casting: Magic Dart (safe; 1% risk of failure)
Confirm with . or Enter, or press ? or * to list all spells.
Aiming: Magic Dart (safe; 1% risk of failure)
Press: ? - help, Shift-Dir - straight line, f - ice beast
Aim: an ice beast (heavily wounded, 100% to hit)
The magic dart hits the ice beast.
The ice beast is severely wounded.
The ice beast hits you. The ice beast freezes you!
* * * LOW HITPOINT WARNING * * *
You hit the ice beast but do no damage. Your punch misses the ice beast.
The ice beast is severely wounded.
Casting: Magic Dart (safe; 1% risk of failure)
Confirm with . or Enter, or press ? or * to list all spells.
Aiming: Magic Dart (safe; 1% risk of failure)
Press: ? - help, Shift-Dir - straight line, f/p - ice beast
Aim: an ice beast (severely wounded, 100% to hit)
The magic dart hits the ice beast but does no damage.
The ice beast is severely wounded.
The ice beast hits you but does no damage.
You hit the ice beast but do no damage.
The ice beast is severely wounded.
The ice beast closely misses you.
Casting: Magic Dart (safe; 1% risk of failure)
Confirm with . or Enter, or press ? or * to list all spells.
Aiming: Magic Dart (safe; 1% risk of failure)
Press: ? - help, Shift-Dir - straight line, f/p - ice beast
Aim: an ice beast (severely wounded, 100% to hit)
The magic dart hits the ice beast but does no damage.
The ice beast is severely wounded.
The ice beast hits you.
* * * LOW HITPOINT WARNING * * *
The ice beast freezes you!
You die...

####### #.# ####### #.....# #.#
#.....# #.....# #.# #.....#
#####.....### #.####.....#
#...'......>###..........#######
#.###.....#..............'......
#.# #.....#.###..........#######
#.# #.....#.# #.............#.#.
#.# #.....#.# #@##........#...#.
#.# #.......# #Y##........###...
#.#####.....###.#########.###...
#.....':........# #.....#.
#######.....##### #####.#.
#.....# #### #####.# #.# #.#


You could see an ice beast.

Vanquished Creatures
  An ice beast (D:5)
  A black bear (D:5)
  2 necrophages
  A scorpion (D:4)
  A howler monkey (D:5)
  A hound (D:5)
  A jelly (D:4)
  2 iguanas (D:5)
  5 adders
  An ufetubus (D:4)
  A dart slug (D:2)
  5 orcs
  5 ball pythons
  7 endoplasms
  3 giant cockroaches
  7 goblins
  7 hobgoblins
  7 jackals (D:2)
  6 kobolds
  6 quokkas
  8 bats
  14 frilled lizards
  3 rats
95 creatures vanquished.

Vanquished Creatures (others)
  7 plants (D:5)
7 creatures vanquished.

Grand Total: 102 creatures vanquished

Notes
Turn   | Place    | Note
-------+----------+-------------------------------------------
     0 | D:1      | LadyAlwena the Gargoyle Hedge Wizard began the quest for
                  | the Orb.
     0 | D:1      | Reached XP level 1. HP: 10/10 MP: 4/4
   353 | D:1      | Reached XP level 2. HP: 15/15 MP: 3/6
  1491 | D:2      | Reached XP level 3. HP: 19/19 MP: 1/8
  1494 | D:2      | Learned a level 2 spell: Blink
  1498 | D:2      | Learned a level 3 spell: Mephitic Cloud
  1558 | D:2      | Found a burning altar of Makhleb.
  2123 | D:2      | Reached XP level 4. HP: 24/24 MP: 1/9
  2717 | D:3      | Found Boca Imygi's Jewellery Emporium.
  2962 | D:3      | Found Bokir's Distillery.
  2990 | D:3      | Bought a potion of heal wounds for 60 gold pieces
  3323 | D:3      | Found Okeinok's Antique Armour Shoppe.
  3423 | D:3      | Found Ineqikhli's General Store.
  3680 | D:4      | Noticed a necrophage
  4212 | D:4      | Found a shadowy altar of Dithmenos.
  4339 | D:4      | Noticed a scorpion
  4358 | D:4      | Killed a scorpion
  4359 | D:4      | Reached XP level 5. HP: 18/28 MP: 2/11
  4901 | D:4      | Reached XP level 6. HP: 33/33 MP: 0/13
  5159 | D:5      | Entered Level 5 of the Dungeon
  5221 | D:5      | Noticed a black bear
  5247 | D:5      | Killed a black bear
  5248 | D:5      | Reached skill level 5 in Spellcasting
  5505 | D:5      | Reached XP level 7. HP: 30/37 MP: 5/14
  6046 | D:5      | Reached skill level 5 in Conjurations
  6627 | D:5      | Slain by an ice beast

Illustrated notes

Levels and vault maps discovered:
D:1:      lemuel_arrival_hallway, layout_basic, ebering_dispersal_statue_hall,
          st_stairs_8, minivault_11
D:2:      layout_basic, basic_altar
D:3:      layout_basic, serial_shops, nicolae_diamond_shop,
          nicolae_shop_waterfront, shop, shop
D:4:      layout_layer_cave, mainiacjoe_overflow_alcove_1
D:5:      layout_basic, chequers_arboretum, hangedman_decor_clover_reticule,
          mrwooster_statue_mirror, minmay_misc_feat_alley, minmay_lizard_king
D:6:      layout_rooms, minmay_temple_entry_nine_rooms, kennysheep_minor_cross,
          uniq_grinder

Skill      XL: |  1  2  3  4  5  6  7 |
---------------+----------------------+-----
Conjurations   | 2 3 4 5 |  5.4
Spellcasting   | 4 5 |  5.6
Stealth        | 3 |  3.7
Fighting       | |  0.9
Short Blades   | |  0.2
Dodging        | |  1.8
Summonings     | |  0.8
Translocations | |  0.8
Air Magic      | |  0.1
Poison Magic   | |  0.1

Action                   |  1- 3 |  4- 6 |  7- 9 || total
-------------------------+-------+-------+-------++-------
Melee: Dagger            |    22 |    64 |     9 ||    95
 Cast: Magic Dart        |    98 |   142 |    82 ||   322
       Blink             |       |     2 |       ||     2
       Mephitic Cloud    |       |     2 |       ||     2
 Stab: Confused          |       |     7 |       ||     7
Armor: Robe              |    11 |    24 |    19 ||    54
Dodge: Dodged            |    19 |    62 |    29 ||   110

Table legend: (Time is in decaauts)
 A = Elapsed time spent in this place.
 B = Non-inter-level travel time spent in this place.
 C = Inter-level travel time spent in this place.
 D = Time resting spent in this place.
 E = Time spent auto-exploring this place.
 F = Levels seen in this place.
 G = Mean time per level.
                   A        B        C        D        E       F      G
               +--------+--------+--------+--------+--------+-----+--------+
         Total |   6611 |   6322 |    289 |    607 |   4909 |   6 | 1101.8 |
       Dungeon |   6611 |   6322 |    289 |    607 |   4909 |   6 | 1101.8 |
               +--------+--------+--------+--------+--------+-----+--------+

Top non-repeatable levels by time:
     D:4: 1497 daAuts
     D:1: 1391 daAuts
     D:5: 1349 daAuts
     D:2: 1171 daAuts
     D:3: 1148 daAuts
     D:6: 53 daAuts
